 Dungeon Crawl Stone Soup version 0.13.0-7-g3df9ff1 (webtiles) character file.

219 MirrMurr the Grave Robber (level 4, -3/21 HPs)
             Began as a Spriggan Necromancer on Oct 16, 2013.
             Killed from afar by an orc wizard (5 damage)
             ... with a magic dart
             ... on Level 3 of the Dungeon.
             The game lasted 00:12:22 (3471 turns).

MirrMurr the Grave Robber (Spriggan Necromancer)    Turns: 3471, Time: 00:12:22

HP  -3/21        AC  2     Str  5      XL: 4   Next: 41%
MP   1/12        EV 18     Int 16      God:
Gold 123         SH  0     Dex 16      Spells:  3 memorised,  3 levels left

Res.Fire  : . . .   See Invis. : +   o - +1 dwarf dagger
Res.Cold  : . . .   Warding    : .   a - +0 robe
Life Prot.: . . .   Conserve   : .   (shield restricted)
Res.Poison: .       Res.Corr.  : .   (helmet restricted)
Res.Elec. : .       Clarity    : .   (no cloak)
Sust.Abil.: . .     Spirit.Shd : .   (gloves unavailable)
Res.Mut.  : .       Stasis     : .   (boots unavailable)
Res.Rott. : .       Flight     : .   (no amulet)
Saprovore : . . .                    (no ring)
                                     (no ring)

@: very quick, slightly resistant to hostile enchantments, stealthy
A: unfitting armour, see invisible, herbivore 3, speed 3, slow metabolism 2
a: no special abilities


You were on level 3 of the Dungeon.
You were full.

You visited 1 branch of the dungeon, and saw 3 of its levels.

You collected 103 gold pieces.

Inventory:

Hand weapons
 d - a +0,+0 dagger
 f - a +0,+0 short sword
 g - a +2,+2 sling
 o - a +1,+1 dwarven dagger (weapon)
 s - a +0,+0 sling
 w - a +1,+0 elven short sword
 x - a +0,+0 dagger
 y - a +0,+0 short sword
 A - a -1,+0 orcish dagger
Missiles
 h - 37 darts (quivered)
 u - 9 poisoned needles
Armour
 a - a +0 robe (worn)
 z - a +0 orcish robe
Comestibles
 B - 2 chunks of quokka flesh
Scrolls
 i - a scroll of fear {unknown}
 k - a scroll of curse armour {unknown}
 l - 4 scrolls of identify
 m - 2 scrolls of remove curse {unknown}
 n - a scroll of enchant armour {unknown}
 p - a scroll of teleportation {unknown}
 t - a scroll of enchant weapon I {unknown}
 v - a scroll of blinking {unknown}
Potions
 c - a potion of porridge
 e - a potion of speed
 j - a potion of restore abilities
 q - 2 potions of might {unknown}
 r - a potion of curing {unknown}
Books
 b - a book of Necromancy

   Spells                             Type                      Level
   *Pain                              Necromancy                   1
   *Animate Skeleton                  Necromancy                   1
   Lethal Infusion                    Charms/Necromancy            2
   Vampiric Draining                  Necromancy                   3
   *Regeneration                      Charms/Necromancy            3
   Animate Dead                       Necromancy                   4
   Control Undead                     Necromancy                   4


   Skills:
 + Level 3.0 Dodging
 - Level 3.0 Stealth
 * Level 2.6 Spellcasting
 + Level 0.4 Charms
 - Level 5.0 Necromancy


You had 3 spell levels left.
You knew the following spells:

 Your Spells              Type           Power        Failure   Level  Hunger
a - Pain                  Necr           ###.         2%          1    #......
b - Animate Skeleton      Necr           N/A          2%          1    #......
c - Regeneration          Chrm/Necr      ##........   21%         3    ###....


Dungeon Overview and Level Annotations

Branches:
Dungeon (3/27)

Altars:
Fedhas


Innate Abilities, Weirdness & Mutations

You are tiny and cannot use many weapons and most armour.
You have supernaturally acute eyesight.
You are a herbivore.
You cover ground extremely quickly.
You need consume almost no food.


Message History

Confirm with . or Enter, or press ? or * to list all spells.
Aiming: Pain
Press: ? - help, Shift-Dir - straight line, f/p - orc wizard
Aim: an orc wizard, wielding an orcish flail and wearing an orcish robe (heavily wounded, slightly transparent)
The orc wizard convulses in agony!
The orc wizard completely misses you.
Casting: Pain
Confirm with . or Enter, or press ? or * to list all spells.
Aiming: Pain
Press: ? - help, Shift-Dir - straight line, f/p - orc wizard
Aim: an orc wizard, wielding an orcish flail and wearing an orcish robe (severely wounded, slightly transparent)
The orc wizard convulses in agony!
Casting: Pain
Confirm with . or Enter, or press ? or * to list all spells.
Aiming: Pain
Press: ? - help, Shift-Dir - straight line, f/p - orc wizard
Aim: an orc wizard, wielding an orcish flail and wearing an orcish robe (almost dead, slightly transparent)
The orc wizard convulses in agony!
The orc wizard points at you and mumbles some strange words.
The magic dart hits you!
You die...

##'############
#.z..### ####...#
+##### ###.# .......
###'##### .......
#.......# .......
#....%..# o.......###
#.......# o.......o@###
#....)..#
o...>$..#zzz###.......#
.......###..##..%....#
....... ##..#z......#
....... ##.'.......#
...... ###.......#
##### #########


You could see an orc wizard (invisible), a friendly giant newt skeleton, a
friendly quokka skeleton and a friendly goblin skeleton.

Vanquished Creatures
  An orc wizard (D:3)
  2 worms
  3 orcs (D:3)
  A ball python (D:2)
  11 bats
  6 giant cockroaches
  5 goblins
  2 hobgoblins (D:2)
  8 jackals
  3 kobolds
  A quokka (D:3)
  2 giant newts
  7 rats
52 creatures vanquished.

Vanquished Creatures (others)
  4 bat skeletons
  A jackal skeleton (D:2)
  3 rat skeletons
8 creatures vanquished.

Grand Total: 60 creatures vanquished

Notes
Turn   | Place    | Note
--------------------------------------------------------------
     0 | D:1      | MirrMurr, the Spriggan Necromancer, began the quest for the Orb.
     0 | D:1      | Reached XP level 1. HP: 9/9 MP: 4/4
     9 | D:1      | Noticed a black mamba
    17 | D:1      | Noticed an elephant
    39 | D:1      | Learned a level 1 spell: Animate Skeleton
   459 | D:1      | Reached XP level 2. HP: 11/13 MP: 3/6
   559 | D:1      | Reached skill level 4 in Necromancy
  1503 | D:2      | Found a blossoming altar of Fedhas.
  1573 | D:2      | Reached XP level 3. HP: 8/16 MP: 1/9
  1735 | D:2      | Learned a level 3 spell: Regeneration
  3225 | D:3      | Reached skill level 5 in Necromancy
  3225 | D:3      | Reached XP level 4. HP: 21/21 MP: 4/12
  3471 | D:3      | Killed from afar by an orc wizard

Action                   |  1- 3 |  4- 6 || total
-------------------------+-------+-------++-------
Melee: Dagger            |    15 |     8 ||    23
 Cast: Pain              |    81 |    18 ||    99
       Animate Skeleton  |    19 |     1 ||    20
       Regeneration      |     1 |       ||     1
  Use: Scroll            |     1 |       ||     1
